Map: Ruby Rock LE

Players

Reynor

  • Race: Zerg Zerg
  • League: Master
  • Spawn Location: 11:00

Serral - Winner!

  • Race: Zerg Zerg
  • League: Grandmaster
  • Spawn Location: 5:00

VOD

Have the link to the VOD?

Description

Time

  • Played on: Feb. 1, 2026, 7:02 a.m.
  • Length: 3:17
Show
View Real Time Build Order
Export as new Build Order

Reynor Zerg 

Build Orders: Pool Only 

Get SALT Encoding   

  12  0:16  Spawning Pool  
  11  0:21  Drone  
  11  0:26  Drone  
  13  0:31  Drone  
  14  0:39  Overlord  
  14  1:03  Zergling x4  
  16  1:04  Zergling x2  
  17  1:15  Zergling x2  
  18  1:26  Zergling x2  
  19  1:37  Zergling x2  
  20  1:48  Zergling x2  
  21  1:58  Spine Crawler  
  21  1:59  Spine Crawler x2  
  18  2:17  Zergling x2  
  17  2:29  Zergling x2  
  17  2:30  Zergling x2  
  17  2:35  Zergling x2  
  10  2:48  Spine Crawler  
Show
View Real Time Build Order
Export as new Build Order

Serral Zerg - Winner!

Build Orders: Hatch First 

Get SALT Encoding   

  12  0:00  Drone  
  13  0:08  Drone  
  14  0:14  Extractor, Drone  
  15  0:21  Overlord  
  15  0:40  Drone  
  16  0:44  Hatchery  
  16  0:48  Drone  
  16  0:52  Drone  
  16  0:56  Drone  
  18  1:05  Extractor  
  17  1:11  Spawning Pool  
  17  1:14  Drone  
  17  1:17  Drone  
  18  1:26  Drone  
  19  1:37  Drone  
  20  1:58  Queen, Zergling x6  
  27  2:07  Zergling x2  
  26  2:10  Zergling x2  
  27  2:23  Zergling x2  
  27  2:29  Zergling x2  
  23  2:38  Zergling x2  
  21  2:47  Zergling x2  
  22  2:53  Zergling x2  
  24  2:58  Zergling x4  
Tags
 
Add a new tag
Caveats
  • Supply blocks, unpowered buildings, or Contaminate may cause inaccurate times.
  • Supply counts are checked every 10 seconds.